 Dungeon Crawl Stone Soup version 0.24-a0-201-gf205589 (webtiles) character file.

Game seed: 12524749675581538667

1368 Borgoz the Cutter (level 8, -3/48 HPs)
             Began as a Gargoyle Gladiator on Mar 25, 2019.
             Slain by a wyvern (7 damage)
             ... on level 5 of the Dungeon.
             The game lasted 00:13:38 (5727 turns).

Borgoz the Cutter (Gargoyle Gladiator)              Turns: 5727, Time: 00:13:38

Health: -3/48      AC: 21    Str: 19    XL:     8   Next: 65%
Magic:  9/9        EV: 13    Int: 10    God:
Gold:   281        SH:  0    Dex: 11    Spells: 8/8 levels left

rFire    . . .     SeeInvis .   a - +2 dagger (protect)
rCold    . . .     Gourm    .   (no shield)
rNeg     + . .     Faith    .   y - +0 ring mail
rPois    ∞         Spirit   .   u - +1 helmet
rElec    +         Reflect  .   m - +0 cloak
rCorr    .         Harm     .   (no gloves)
MR       .....                  (no boots)
Stlth    +.........             (no amulet)
HPRegen  0.16/turn              (no ring)
MPRegen  0.11/turn              (no ring)

@: protection aura
A: negative energy resistance 1, electricity resistance, unbreathing,
petrification resistance, rot immunity, AC +5
a: no special abilities


You were on level 5 of the Dungeon.
You were not hungry.

You visited 2 branches of the dungeon, and saw 7 of its levels.

You collected 281 gold pieces.

Inventory:

Hand Weapons
 a - a +2 dagger of protection (weapon)
 b - a +0 blowgun
 i - a +2 quarterstaff of chaos
 r - a +1 rapier
 w - a cursed +0 blowgun
 A - a +1 vampiric dagger
Missiles
 d - a throwing net (quivered)
 v - 30 poisoned needles
Armour
 m - a +0 cloak (worn)
 u - a +1 helmet (worn)
 y - a +0 ring mail (worn)
Wands
 g - a wand of acid (11)
Scrolls
 e - 2 scrolls of teleportation
 k - a scroll of fog
 l - 3 scrolls of remove curse
 n - a scroll of fear
 p - a scroll of enchant armour
 s - 2 scrolls of magic mapping {unknown}
 x - 3 scrolls of blinking
Potions
 c - a potion of haste
 h - a potion of heal wounds
 j - a potion of lignification
 o - 4 potions of curing
 q - a potion of magic
Comestibles
 f - 7 rations


   Skills:
 + Level 4.6 Fighting
 * Level 5.8 Short Blades
 + Level 2.8 Throwing
 + Level 4.2 Armour
 * Level 4.7 Dodging
 + Level 3.0 Stealth
 - Level 0.4 Unarmed Combat
 + Level 0.9 Spellcasting
 + Level 0.9 Evocations


You had 8 spell levels left.
You didn't know any spells.
Your spell library was empty.

Dungeon Overview and Level Annotations

Branches:
Dungeon (6/15)             Temple (1/1) D:5

Altars:
Dithmenos
Elyvilon
Fedhas
Gozag
Hepliaklqana
Kikubaaqudgha
Nemelex Xobeh
Okawaru
Ru
Sif Muna
Uskayaw
Vehumet
Wu Jian
Xom
Yredelemnul
Zin

Shops:
D:5 (


Innate Abilities, Weirdness & Mutations

You are resistant to torment.
Your stone body is resilient. (AC +5)
You are immune to poison.
You resist negative energy. (rN+)
You are resistant to electric shocks. (rElec)
You can survive without breathing.
You are immune to petrification.
You are immune to rotting.


Message History

The wyvern is heavily wounded.
The wyvern closely misses you.
You completely miss the wyvern.
The wyvern is heavily wounded.
The wyvern closely misses you.
You hit the wyvern.
The wyvern is heavily wounded.
The wyvern bites you but does no damage.
You hit the wyvern.
The wyvern is severely wounded.
The wyvern completely misses you.
You hit the wyvern.
The wyvern is severely wounded.
The wyvern misses you.
You hit the wyvern but do no damage.
The wyvern is severely wounded.
The wyvern bites you!
* * * LOW HITPOINT WARNING * * *
The wyvern bites you!
You die...

#######..#
#####.#####
#........#
#.........#
##.####.###
#.........# ...#
##.# #.........#
#### #..#
#.........# #.##
#.........# #.#
#.........# # #.#
#.l.......# ## #.#
#..@†.[...# .# #.#
#.........# .## #.#
###.........#
..####.##
##....########
........###..####
##.##.#.##..##
...##.#....#####
.###..##.......##
..##.####.####..###


You could see a wyvern.

Vanquished Creatures
  Pikel (D:3)
  Sigmund (D:4)
  2 slaves
  An ogre (D:4)
  3 wights (D:5)
  2 crimson imps (D:5)
  A centaur zombie (D:5)
  An orc priest (D:5)
  Crazy Yiuf (D:4)
  A centaur skeleton (D:5)
  An orc wizard (D:3)
  Natasha (thrice) (D:3)
  Terence (D:3)
  3 worker ants
  Robin (D:3)
  5 adders
  An ooze (D:1)
  An adder zombie (D:5)
  An adder skeleton (D:5)
  2 worms
  A dart slug (D:3)
  4 leopard geckos
  8 orcs
  2 giant cockroaches
  15 goblins
  16 hobgoblins
  10 jackals
  10 kobolds
  2 quokkas
  8 bats
  3 frilled lizards
  A rat (D:2)
  A fungus (D:4)
114 creatures vanquished.

Vanquished Creatures (others)
  An orc wizard (D:4)
  A giant cockroach (D:4)
2 creatures vanquished.

Grand Total: 116 creatures vanquished

Notes
Turn   | Place    | Note
-------+----------+-------------------------------------------
     0 | D:1      | Borgoz the Gargoyle Gladiator began the quest for the Orb.
     0 | D:1      | Reached XP level 1. HP: 12/12 MP: 1/1
   102 | D:1      | Reached skill level 3 in Short Blades
   102 | D:1      | Reached XP level 2. HP: 12/17 MP: 2/2
   619 | D:1      | Reached XP level 3. HP: 21/21 MP: 3/3
  1039 | D:2      | Found a hide-covered altar of Uskayaw.
  1306 | D:2      | Reached XP level 4. HP: 21/27 MP: 4/4
  1562 | D:2      | Reached skill level 1 in Armour
  1992 | D:3      | Noticed Robin
  2013 | D:2      | Reached skill level 4 in Short Blades
  2157 | D:3      | Killed Robin
  2261 | D:3      | Reached XP level 5. HP: 26/31 MP: 5/5
  2396 | D:3      | Noticed Natasha
  2418 | D:3      | Killed Natasha
  2437 | D:3      | You fall through a shaft for 2 floors!
  2437 | D:5      | Entered Level 5 of the Dungeon
  2461 | D:4      | Noticed Pikel
  2461 | D:4      | Noticed a slave
  2461 | D:4      | Noticed a slave
  2461 | D:4      | Noticed an ogre
  2463 | D:4      | Noticed a slave
  2464 | D:4      | Noticed a slave
  2550 | D:3      | Killed a slave
  2646 | D:3      | Noticed Natasha
  2667 | D:3      | Killed Natasha
  2667 | D:3      | Reached XP level 6. HP: 30/36 MP: 6/6
  2770 | D:3      | Noticed Terence
  2774 | D:3      | Found a blossoming altar of Fedhas.
  2798 | D:3      | Killed Terence
  2798 | D:3      | Reached skill level 1 in Stealth
  3021 | D:4      | Noticed Sigmund
  3048 | D:4      | Killed Sigmund
  3048 | D:4      | Reached skill level 5 in Short Blades
  3048 | D:4      | Reached XP level 7. HP: 33/41 MP: 7/7
  3178 | D:3      | Noticed Natasha
  3519 | D:3      | Killed Natasha
  3654 | D:3      | Killed Pikel
  3654 | D:3      | Reached XP level 8. HP: 8/48 MP: 8/8
  4366 | D:4      | Found a runed translucent door.
  4367 | D:4      | Noticed Crazy Yiuf
  4379 | D:4      | Killed Crazy Yiuf
  5073 | D:5      | Found Zepo Nud's Antique Weapon Emporium.
  5213 | D:5      | Found a staircase to the Ecumenical Temple.
  5219 | Temple   | Entered the Ecumenical Temple
  5402 | D:5      | Found a hazy altar of Hepliaklqana.
  5694 | D:6      | Noticed a wyvern
  5727 | D:5      | Slain by a wyvern

Levels and vault maps discovered:
D:1:      psy_arrival_radial02, layout_loops_corners
D:2:      layout_basic, eat_drink_and_be_merry_uskayaw
D:3:      layout_rooms, old_standard_altar, uniq_natasha, uniq_terence,
          uniq_robin
D:4:      layout_layer_cave, st_stairs_2, kennysheep_generic_room_16,
          uniq_crazy_yiuf_cottage, uniq_pikel, uniq_sigmund
D:5:      layout_rooms, lemuel_coloured_pillars_altar,
          minmay_temple_entry_fiery, serial_shops, nicolae_shop_waterfront,
          first_ration
D:6:      layout_rooms, chequers_serial_rivers_small_a, uniq_duvessa
Temple:   dshaligram_water_room_temple

Skill      XL: |  1  2  3  4  5  6  7  8 |
---------------+-------------------------+-----
Short Blades   | 3 4 5 |  5.8
Throwing       | 2 |  2.8
Armour         | 1 2 3 4 |  4.2
Dodging        | 3 4 |  4.7
Stealth        | 1 2 3 |  3.0
Fighting       | 3 4 |  4.6
Unarmed Combat | |  0.4
Spellcasting   | |  0.9
Evocations     | |  0.9

Action                   |  1- 3 |  4- 6 |  7- 9 || total
-------------------------+-------+-------+-------++-------
Melee: Rapier            |   125 |     4 |       ||   129
       Dagger            |       |   335 |   460 ||   795
       Unarmed           |       |       |     4 ||     4
Throw: Throwing net      |       |       |     8 ||     8
  Use: Scroll            |       |     7 |    10 ||    17
       Potion            |       |     2 |     4 ||     6
 Stab: Sleeping          |     1 |       |     1 ||     2
       Held in net/web   |       |       |     3 ||     3
       Invisible         |       |       |     6 ||     6
  Eat: Chunk             |     1 |     6 |     3 ||    10
       Ration            |       |       |     2 ||     2
Armor: Leather armour    |    56 |    98 |       ||   154
       Ring mail         |       |    54 |   161 ||   215
Dodge: Dodged            |    88 |   215 |   207 ||   510

Table legend:
 A = Non-vault XP
 B = Vault XP
 C = Vault XP percentage of total XP
 D = Non-vault monster count
 E = Vault monster count
 F = Vault count percentage of total count
                 A         B        C        D         E       F
            +---------+---------+-------+---------+---------+-------
      Total |     934 |    1021 |  52.2 |      93 |      18 |  16.2
            +---------+---------+-------+---------+---------+-------
        D:1 |      57 |       0 |   0.0 |      27 |       0 |   0.0
        D:2 |      67 |      20 |  23.0 |      22 |      10 |  31.2
        D:3 |     203 |     723 |  78.1 |      24 |       4 |  14.3
        D:4 |     154 |     278 |  64.4 |       4 |       4 |  50.0
        D:5 |     453 |       0 |   0.0 |      16 |       0 |   0.0
            +---------+---------+-------+---------+---------+-------
